Workbook

Sheet DASHBOARD
A1: PLANTILLASPRO PERÚ | COSTOS Y GANANCIAS
B5: Productos | C5: =COUNTA(COSTOS_Y_PRECIOS!B6:B205)
B6: Costos unitarios sumados S/ | C6: =SUM(COSTOS_Y_PRECIOS!H6:H205)
B7: Ganancias unitarias sumadas S/ | C7: =SUM(COSTOS_Y_PRECIOS!L6:L205)
B8: Precio promedio S/ | C8: =IFERROR(AVERAGE(COSTOS_Y_PRECIOS!J6:J205),0)
B9: Margen objetivo promedio | C9: =IFERROR(AVERAGE(COSTOS_Y_PRECIOS!I6:I205),0)
B10: Registros por revisar | C10: =COUNTIF(COSTOS_Y_PRECIOS!N6:N205,"REVISAR*")
B14: DATOS DE EJEMPLO
B16: Producto | C16: Valor
B17: ='COSTOS_Y_PRECIOS'!B6 | C17: ='COSTOS_Y_PRECIOS'!J6
B18: ='COSTOS_Y_PRECIOS'!B7 | C18: ='COSTOS_Y_PRECIOS'!J7
B19: ='COSTOS_Y_PRECIOS'!B8 | C19: ='COSTOS_Y_PRECIOS'!J8
B20: ='COSTOS_Y_PRECIOS'!B9 | C20: ='COSTOS_Y_PRECIOS'!J9
B21: ='COSTOS_Y_PRECIOS'!B10 | C21: ='COSTOS_Y_PRECIOS'!J10
B22: ='COSTOS_Y_PRECIOS'!B11 | C22: ='COSTOS_Y_PRECIOS'!J11

Sheet COSTOS_Y_PRECIOS
A1: COSTOS, PRECIOS Y GANANCIAS
A5: Código | B5: Producto | C5: Categoría | D5: Materiales S/ | E5: Mano obra S/ | F5: Otros directos S/ | G5: Indirectos S/ | H5: Costo total S/ | I5: Margen objetivo | J5: Precio sin IGV S/ | K5: Precio con IGV S/ | L5: Ganancia unitaria S/ | M5: Margen real | N5: Estado
A6: C001 | B6: Polo estampado | C6: Ropa | D6: 17.5 | E6: 6 | F6: 2 | G6: 3.5 | H6: =IF(B6="","",SUM(D6:G6)) | I6: 0.35 | J6: =IF(B6="","",IF(OR(I6<0,I6>=1),"",H6/(1-I6))) | K6: =IF(J6="","",J6*(1+CONFIGURACION!$C$4)) | L6: =IF(J6="","",J6-H6) | M6: =IF(OR(J6="",J6=0),"",L6/J6) | N6: =IF(B6="","",IF(H6<=0,"REVISAR COSTOS",IF(OR(I6<0,I6>=1),"REVISAR MARGEN","CALCULADO")))
A7: C002 | B7: Hamburguesa | C7: Restaurante | D7: 8.3 | E7: 3 | F7: 1.2 | G7: 1.5 | H7: =IF(B7="","",SUM(D7:G7)) | I7: 0.4 | J7: =IF(B7="","",IF(OR(I7<0,I7>=1),"",H7/(1-I7))) | K7: =IF(J7="","",J7*(1+CONFIGURACION!$C$4)) | L7: =IF(J7="","",J7-H7) | M7: =IF(OR(J7="",J7=0),"",L7/J7) | N7: =IF(B7="","",IF(H7<=0,"REVISAR COSTOS",IF(OR(I7<0,I7>=1),"REVISAR MARGEN","CALCULADO")))
A8: C003 | B8: Torta chocolate | C8: Pastelería | D8: 23 | E8: 15 | F8: 4 | G8: 8 | H8: =IF(B8="","",SUM(D8:G8)) | I8: 0.45 | J8: =IF(B8="","",IF(OR(I8<0,I8>=1),"",H8/(1-I8))) | K8: =IF(J8="","",J8*(1+CONFIGURACION!$C$4)) | L8: =IF(J8="","",J8-H8) | M8: =IF(OR(J8="",J8=0),"",L8/J8) | N8: =IF(B8="","",IF(H8<=0,"REVISAR COSTOS",IF(OR(I8<0,I8>=1),"REVISAR MARGEN","CALCULADO")))
A9: C004 | B9: Taza personalizada | C9: Regalos | D9: 10 | E9: 4 | F9: 2.5 | G9: 1.5 | H9: =IF(B9="","",SUM(D9:G9)) | I9: 0.3 | J9: =IF(B9="","",IF(OR(I9<0,I9>=1),"",H9/(1-I9))) | K9: =IF(J9="","",J9*(1+CONFIGURACION!$C$4)) | L9: =IF(J9="","",J9-H9) | M9: =IF(OR(J9="",J9=0),"",L9/J9) | N9: =IF(B9="","",IF(H9<=0,"REVISAR COSTOS",IF(OR(I9<0,I9>=1),"REVISAR MARGEN","CALCULADO")))
A10: C005 | B10: Menú del día | C10: Restaurante | D10: 7.8 | E10: 4 | F10: 1.2 | G10: 2 | H10: =IF(B10="","",SUM(D10:G10)) | I10: 0.32 | J10: =IF(B10="","",IF(OR(I10<0,I10>=1),"",H10/(1-I10))) | K10: =IF(J10="","",J10*(1+CONFIGURACION!$C$4)) | L10: =IF(J10="","",J10-H10) | M10: =IF(OR(J10="",J10=0),"",L10/J10) | N10: =IF(B10="","",IF(H10<=0,"REVISAR COSTOS",IF(OR(I10<0,I10>=1),"REVISAR MARGEN","CALCULADO")))
A11: C006 | B11: Servicio impresión | C11: Servicios | D11: 2.5 | E11: 5 | F11: 0.8 | G11: 1.7 | H11: =IF(B11="","",SUM(D11:G11)) | I11: 0.5 | J11: =IF(B11="","",IF(OR(I11<0,I11>=1),"",H11/(1-I11))) | K11: =IF(J11="","",J11*(1+CONFIGURACION!$C$4)) | L11: =IF(J11="","",J11-H11) | M11: =IF(OR(J11="",J11=0),"",L11/J11) | N11: =IF(B11="","",IF(H11<=0,"REVISAR COSTOS",IF(OR(I11<0,I11>=1),"REVISAR MARGEN","CALCULADO")))
H12: =IF(B12="","",SUM(D12:G12)) | J12: =IF(B12="","",IF(OR(I12<0,I12>=1),"",H12/(1-I12))) | K12: =IF(J12="","",J12*(1+CONFIGURACION!$C$4)) | L12: =IF(J12="","",J12-H12) | M12: =IF(OR(J12="",J12=0),"",L12/J12) | N12: =IF(B12="","",IF(H12<=0,"REVISAR COSTOS",IF(OR(I12<0,I12>=1),"REVISAR MARGEN","CALCULADO")))
H13: =IF(B13="","",SUM(D13:G13)) | J13: =IF(B13="","",IF(OR(I13<0,I13>=1),"",H13/(1-I13))) | K13: =IF(J13="","",J13*(1+CONFIGURACION!$C$4)) | L13: =IF(J13="","",J13-H13) | M13: =IF(OR(J13="",J13=0),"",L13/J13) | N13: =IF(B13="","",IF(H13<=0,"REVISAR COSTOS",IF(OR(I13<0,I13>=1),"REVISAR MARGEN","CALCULADO")))
H14: =IF(B14="","",SUM(D14:G14)) | J14: =IF(B14="","",IF(OR(I14<0,I14>=1),"",H14/(1-I14))) | K14: =IF(J14="","",J14*(1+CONFIGURACION!$C$4)) | L14: =IF(J14="","",J14-H14) | M14: =IF(OR(J14="",J14=0),"",L14/J14) | N14: =IF(B14="","",IF(H14<=0,"REVISAR COSTOS",IF(OR(I14<0,I14>=1),"REVISAR MARGEN","CALCULADO")))
H15: =IF(B15="","",SUM(D15:G15)) | J15: =IF(B15="","",IF(OR(I15<0,I15>=1),"",H15/(1-I15))) | K15: =IF(J15="","",J15*(1+CONFIGURACION!$C$4)) | L15: =IF(J15="","",J15-H15) | M15: =IF(OR(J15="",J15=0),"",L15/J15) | N15: =IF(B15="","",IF(H15<=0,"REVISAR COSTOS",IF(OR(I15<0,I15>=1),"REVISAR MARGEN","CALCULADO")))
H16: =IF(B16="","",SUM(D16:G16)) | J16: =IF(B16="","",IF(OR(I16<0,I16>=1),"",H16/(1-I16))) | K16: =IF(J16="","",J16*(1+CONFIGURACION!$C$4)) | L16: =IF(J16="","",J16-H16) | M16: =IF(OR(J16="",J16=0),"",L16/J16) | N16: =IF(B16="","",IF(H16<=0,"REVISAR COSTOS",IF(OR(I16<0,I16>=1),"REVISAR MARGEN","CALCULADO")))
H17: =IF(B17="","",SUM(D17:G17)) | J17: =IF(B17="","",IF(OR(I17<0,I17>=1),"",H17/(1-I17))) | K17: =IF(J17="","",J17*(1+CONFIGURACION!$C$4)) | L17: =IF(J17="","",J17-H17) | M17: =IF(OR(J17="",J17=0),"",L17/J17) | N17: =IF(B17="","",IF(H17<=0,"REVISAR COSTOS",IF(OR(I17<0,I17>=1),"REVISAR MARGEN","CALCULADO")))
H18: =IF(B18="","",SUM(D18:G18)) | J18: =IF(B18="","",IF(OR(I18<0,I18>=1),"",H18/(1-I18))) | K18: =IF(J18="","",J18*(1+CONFIGURACION!$C$4)) | L18: =IF(J18="","",J18-H18) | M18: =IF(OR(J18="",J18=0),"",L18/J18) | N18: =IF(B18="","",IF(H18<=0,"REVISAR COSTOS",IF(OR(I18<0,I18>=1),"REVISAR MARGEN","CALCULADO")))
H19: =IF(B19="","",SUM(D19:G19)) | J19: =IF(B19="","",IF(OR(I19<0,I19>=1),"",H19/(1-I19))) | K19: =IF(J19="","",J19*(1+CONFIGURACION!$C$4)) | L19: =IF(J19="","",J19-H19) | M19: =IF(OR(J19="",J19=0),"",L19/J19) | N19: =IF(B19="","",IF(H19<=0,"REVISAR COSTOS",IF(OR(I19<0,I19>=1),"REVISAR MARGEN","CALCULADO")))
H20: =IF(B20="","",SUM(D20:G20)) | J20: =IF(B20="","",IF(OR(I20<0,I20>=1),"",H20/(1-I20))) | K20: =IF(J20="","",J20*(1+CONFIGURACION!$C$4)) | L20: =IF(J20="","",J20-H20) | M20: =IF(OR(J20="",J20=0),"",L20/J20) | N20: =IF(B20="","",IF(H20<=0,"REVISAR COSTOS",IF(OR(I20<0,I20>=1),"REVISAR MARGEN","CALCULADO")))
H21: =IF(B21="","",SUM(D21:G21)) | J21: =IF(B21="","",IF(OR(I21<0,I21>=1),"",H21/(1-I21))) | K21: =IF(J21="","",J21*(1+CONFIGURACION!$C$4)) | L21: =IF(J21="","",J21-H21) | M21: =IF(OR(J21="",J21=0),"",L21/J21) | N21: =IF(B21="","",IF(H21<=0,"REVISAR COSTOS",IF(OR(I21<0,I21>=1),"REVISAR MARGEN","CALCULADO")))
H22: =IF(B22="","",SUM(D22:G22)) | J22: =IF(B22="","",IF(OR(I22<0,I22>=1),"",H22/(1-I22))) | K22: =IF(J22="","",J22*(1+CONFIGURACION!$C$4)) | L22: =IF(J22="","",J22-H22) | M22: =IF(OR(J22="",J22=0),"",L22/J22) | N22: =IF(B22="","",IF(H22<=0,"REVISAR COSTOS",IF(OR(I22<0,I22>=1),"REVISAR MARGEN","CALCULADO")))
H23: =IF(B23="","",SUM(D23:G23)) | J23: =IF(B23="","",IF(OR(I23<0,I23>=1),"",H23/(1-I23))) | K23: =IF(J23="","",J23*(1+CONFIGURACION!$C$4)) | L23: =IF(J23="","",J23-H23) | M23: =IF(OR(J23="",J23=0),"",L23/J23) | N23: =IF(B23="","",IF(H23<=0,"REVISAR COSTOS",IF(OR(I23<0,I23>=1),"REVISAR MARGEN","CALCULADO")))
... H205: =IF(B205="","",SUM(D205:G205)) | J205: =IF(B205="","",IF(OR(I205<0,I205>=1),"",H205/(1-I205))) | K205: =IF(J205="","",J205*(1+CONFIGURACION!$C$4)) | L205: =IF(J205="","",J205-H205) | M205: =IF(OR(J205="",J205=0),"",L205/J205) | N205: =IF(B205="","",IF(H205<=0,"REVISAR COSTOS",IF(OR(I205<0,I205>=1),"REVISAR MARGEN","CALCULADO")))

Sheet CONFIGURACION
B4: IGV referencial | C4: 0.18
B6: La tasa es referencial. Consulta tu régimen tributario.

Sheet GUIA
B2: GUÍA DE USO | PLANTILLASPRO PERÚ
B5: 1. Registra materiales, mano de obra y costos indirectos por unidad.
B6: 2. Introduce margen objetivo sobre precio de venta, no recargo sobre costo.
B7: 3. Precio sin IGV = costo / (1 - margen).
B8: 4. El IGV es referencial y configurable.
B9: 5. Ganancia unitaria = precio sin IGV menos costo unitario.
B10: 6. Los totales no representan ventas efectivas.
B13: Ejemplos demostrativos. Reemplaza los datos antes de usar el archivo.
